 Dungeon Crawl Stone Soup version 0.24.0-13-gcf9b319 (webtiles) character file.

Game seed: 12778281856869526950, levelgen mode: deterministic

822 Bronimir the Poker (level 7, -4/53 HPs)
             Began as a Demonspawn Gladiator on Mar 30, 2020.
             Was a Follower of Kikubaaqudgha.
             Slain by Prince Ribbit (13 damage)
             ... on level 6 of the Dungeon.
             The game lasted 00:12:31 (5612 turns).

Bronimir the Poker (Demonspawn Gladiator)           Turns: 5612, Time: 00:12:32

Health: -4/53      AC:  7    Str: 16    XL:     7   Next: 63%
Magic:  10/10      EV: 13    Int: 10    God:    Kikubaaqudgha [*.....]
Gold:   171        SH:  0    Dex: 14    Spells: 4/10 levels left

rFire    . . .     SeeInvis .   a - +0 war axe
rCold    . . .     Gourm    .   (no shield)
rNeg     + . .     Faith    .   b - +0 leather armour
rPois    .         Spirit   .   c - +0 helmet
rElec    .         Reflect  .   n - +0 cloak
rCorr    .         Harm     .   E - +0 pair of gloves
MR       .....                  (no boots)
Stlth    +++.......             r - amulet of magic regeneration
HPRegen  0.17/turn              A - ring of positive energy
MPRegen  0.37/turn              v - ring of wizardry

@: no status effects
A: claws 2, rugged brown scales 1, nightstalker 2
a: Receive Corpses, Renounce Religion


You were on level 6 of the Dungeon.
You worshipped Kikubaaqudgha.
Kikubaaqudgha was aware of your devotion.
You were very hungry.

You visited 1 branch of the dungeon, and saw 6 of its levels.

You collected 171 gold pieces.

Inventory:

Hand Weapons
 a - a +0 war axe (weapon)
 w - a +0 trident
Missiles
 d - 37 sling bullets
 i - 103 stones
 m - 143 arrows
 s - 45 bolts
 I - 16 poisoned darts (quivered)
Armour
 b - a +0 leather armour (worn)
 c - a +0 helmet (worn)
 h - a +0 robe of the Archmagi
 n - a +0 cloak (worn)
 x - a +0 ring mail
 E - a +0 pair of gloves (worn)
Jewellery
 j - an uncursed ring of protection from cold
 q - the amulet of Yryuken {rN+ Regen+ Slay+5, unknown}
   (You found it on level 4 of the Dungeon)

   [amulet of regeneration]

   It affects your accuracy and damage with ranged weapons and melee attacks
   (+5).
   It protects you from negative energy.
   It increases your rate of regeneration.
 r - an amulet of magic regeneration (around neck)
 v - a ring of wizardry (right hand)
 y - a +5 amulet of reflection {unknown}
 z - an uncursed ring of flight
 A - a ring of positive energy (left hand)
 H - a cursed ring of teleportation {unknown}
Wands
 o - a wand of flame (24)
 F - a wand of enslavement (8)
 G - a wand of iceblast (8)
Scrolls
 B - 2 scrolls of blinking {unknown}
 C - a scroll of amnesia {unknown}
 J - a scroll of remove curse {unknown}
Potions
 e - a potion of agility
 g - a potion of might {unknown}
 k - a potion of invisibility {unknown}
 l - a potion of curing
 p - a potion of flight {unknown}
 t - a potion of magic {unknown}
 u - a potion of resistance {unknown}
 D - a potion of ambrosia {unknown}
Comestibles
 f - 9 rations


   Skills:
 + Level 3.0 Fighting
 * Level 3.5(4.4) Axes
 + Level 4.2(4.8) Polearms
 + Level 2.0 Throwing
 * Level 2.5 Armour
 + Level 3.7 Dodging
 - Level 0.2 Stealth
 * Level 2.2 Spellcasting
 + Level 1.4 Charms
 * Level 2.4 Necromancy


You had 4 spell levels left.
You knew the following spells:

 Your Spells              Type           Power        Failure   Level  Hunger
a - Pain                  Necr           #...         5%          1    ##.....
b - Regeneration          Chrm/Necr      #.........   19%         3    ####...
c - Sublimation of Blood  Necr           #.........   9%          2    ###....

Your spell library contained the following spells:

 Spells                   Type           Power        Failure   Level  Hunger
 Corpse Rot               Necr           N/A          9%          2    ###....


Dungeon Overview and Level Annotations

Branches:
Dungeon (6/15)
 Temple: D:4-7

Altars:
Ashenzari
Elyvilon
Kikubaaqudgha
Qazlal
Trog
The Shining One

Annotations:
D:6 Prince Ribbit


Innate Abilities, Weirdness & Mutations

You have very sharp fingernails.
You are partially covered in rugged brown scales. (AC +1, +3% HP)
You are significantly more attuned to the shadows.


Message History

Casting: Regeneration (safe; 19% risk of failure)
Confirm with . or Enter, or press ? or * to list all spells.
Your skin crawls.
You are feeling very hungry.
Prince Ribbit asks, "Just a little smooch?"
Prince Ribbit closely misses you. x2
There is a stone staircase leading up here.
Your skin is crawling a little less now.
Prince Ribbit barely misses you.
You hear the brisk rusting of a drain nearby.
Prince Ribbit hits you.
* * * LOW HITPOINT WARNING * * *
Prince Ribbit blinks!
Your skin stops crawling.
Prince Ribbit blinks!
Prince Ribbit hits you.
* * * LOW HITPOINT WARNING * * *
Prince Ribbit hits you!
You die...
Kikubaaqudgha rasps: "You have failed me!
Welcome... death!"

...........).......#
###..........##.#.##
###...######.#.....#
#.....# #..#.#.##
#.#...# #.......#
#.#.### #.##.#<##
....# #.#.....#
##### ...#.#F## #
.#..@..## .#
#..#.#.#.# .#
##......## ...
###.#.## .## ...#.#
#####.# #.# ...


You could see Prince Ribbit.

Vanquished Creatures
  Eustachio (D:5)
  An ice beast (D:5)
  An ogre (D:4)
  Blork the orc (D:5)
  A scorpion (D:4)
  2 crimson imps (D:5)
  A bullfrog zombie (D:6)
  A hound (D:5)
  2 orc wizards (D:5)
  4 worker ants
  4 adders
  A shadow imp (D:5)
  A worm (D:2)
  A dart slug (D:1)
  3 leopard geckos
  8 orcs
  3 giant cockroaches
  8 goblins
  8 hobgoblins
  2 jackals (D:3)
  A quokka (D:3)
  A ball python (D:3)
  4 bats
  6 frilled lizards
  8 kobolds
  A quokka skeleton (D:5)
  9 rats
84 creatures vanquished.

Notes
Turn   | Place    | Note
-------+----------+-------------------------------------------
     0 | D:1      | Bronimir the Demonspawn Gladiator began the quest for the
                  | Orb.
     0 | D:1      | Reached XP level 1. HP: 16/16 MP: 1/1
   109 | D:1      | Gained mutation: You are partially covered in rugged brown
                  | scales. (AC +1, +3% HP) [demonic ancestry]
   109 | D:1      | Reached XP level 2. HP: 16/22 MP: 2/2
   437 | D:1      | Reached skill level 3 in Polearms
   619 | D:2      | Found an ancient bone altar of Kikubaaqudgha.
   622 | D:2      | Found a bloodstained altar of Trog.
   625 | D:2      | Found a white marble altar of Elyvilon.
   631 | D:2      | Became a worshipper of Kikubaaqudgha
   685 | D:2      | Gained mutation: You are slightly more attuned to the
                  | shadows. [demonic ancestry]
   685 | D:2      | Reached XP level 3. HP: 22/27 MP: 3/3
  1281 | D:3      | Reached * piety under Kikubaaqudgha
  1281 | D:3      | Identified Kikubaaqudgha's Incunabulum of Dark Rites
                  | (Kikubaaqudgha gifted it to you on level 3 of the Dungeon)
  1281 | D:3      | Received a gift from Kikubaaqudgha
  1285 | D:3      | Learned a level 1 spell: Pain
  1335 | D:3      | Gained mutation: You have sharp fingernails. [demonic
                  | ancestry]
  1335 | D:3      | Reached XP level 4. HP: 24/35 MP: 2/4
  1989 | D:3      | Found a shattered altar of Ashenzari.
  2087 | D:3      | Found a stormy altar of Qazlal.
  2120 | D:4      | Noticed an ogre
  2131 | D:4      | Killed an ogre
  2131 | D:4      | Reached skill level 1 in Armour
  2131 | D:4      | Reached skill level 1 in Necromancy
  2131 | D:4      | Reached XP level 5. HP: 40/40 MP: 4/6
  2144 | D:4      | Reached skill level 4 in Polearms
  2366 | D:4      | Learned a level 3 spell: Regeneration
  2443 | D:4      | Reached skill level 1 in Spellcasting
  2612 | D:5      | Entered Level 5 of the Dungeon
  2618 | D:5      | Gained mutation: You are significantly more attuned to the
                  | shadows. [demonic ancestry]
  2618 | D:5      | Reached XP level 6. HP: 16/47 MP: 7/7
  2913 | D:4      | Reached skill level 1 in Axes
  3419 | D:4      | Got a warped bone amulet
  3744 | D:5      | Found a glowing golden altar of the Shining One.
  3778 | D:5      | Noticed Eustachio
  3781 | D:5      | Learned a level 2 spell: Sublimation of Blood
  3796 | D:5      | Killed Eustachio
  3796 | D:5      | Reached skill level 1 in Charms
  4146 | D:5      | Noticed an ice beast
  4191 | D:5      | HP: 1/47 [hound (3)]
  4260 | D:5      | HP: 2/47 [hound (3)]
  4264 | D:5      | Gained mutation: You have very sharp fingernails. [demonic
                  | ancestry]
  4264 | D:5      | Reached XP level 7. HP: 31/52 MP: 5/9
  4711 | D:5      | HP: 2/52 [something/magic dart (12)]
  5031 | D:5      | Noticed Blork the orc
  5039 | D:5      | Killed Blork the orc
  5584 | D:6      | Noticed Prince Ribbit
  5612 | D:6      | Slain by Prince Ribbit

Levels and vault maps discovered:
D:1:      evilmike_arrival_plus, layout_rooms, corexii_item_surrounded_by_moat
D:2:      layout_rooms, grunt_temple_overflow_diamond
D:3:      layout_basic, overflow_temple_1_default,
          nicolae_qazlal_eye_of_the_storm, chequers_serial_rivers_micro_d
D:4:      layout_rooms
D:5:      layout_loops_corners, kennysheep_mini, first_ration, minivault_25,
          uniq_eustachio, uniq_blork_the_orc
D:6:      layout_loops_cross, kennysheep_mini_moat, portal_sewer_entry_a,
          st_stairs_13, uniq_sigmund, uniq_edmund, uniq_prince_ribbit1

Skill      XL: |  1  2  3  4  5  6  7 |
---------------+----------------------+-----
Dodging        | 3 |  3.7
Polearms       | 3 4 |  4.2
Throwing       | 2 |  2.0
Armour         | 1 2 |  2.5
Necromancy     | 1 2 |  2.4
Spellcasting   | 1 2 |  2.2
Axes           | 2 3 |  3.5
Charms         | 1 |  1.4
Fighting       | 3 |  3.0
Stealth        | |  0.2

Action                   |  1- 3 |  4- 6 |  7- 9 || total
-------------------------+-------+-------+-------++-------
Melee: Trident           |   129 |    40 |       ||   169
       War axe           |       |   103 |    73 ||   176
Throw: Throwing net      |     7 |     1 |       ||     8
 Cast: Pain              |     1 |    24 |     6 ||    31
       Regeneration      |       |       |     3 ||     3
  Use: Scroll            |       |     4 |       ||     4
       Potion            |       |     3 |     1 ||     4
 Stab: Sleeping          |     6 |     4 |     1 ||    11
  Eat: Chunk             |     1 |     7 |     1 ||     9
       Ration            |       |     1 |     1 ||     2
Armor: Leather armour    |    27 |    51 |    22 ||   100
       Robe              |       |     8 |       ||     8
Dodge: Dodged            |    74 |   168 |    37 ||   279
